 Dungeon Crawl Stone Soup version 0.28-a0-845-gfc338a8e3c (webtiles) character file.

Game seed: 10803457574070815894

128 Crownlay the Digger (level 5, -5/28 HPs)
             Began as a Gargoyle Earth Elementalist on Nov 12, 2021.
             Was an Initiate of Vehumet.
             Shot with a bolt by a kobold (7 damage)
             ... on level 4 of the Dungeon.
             The game lasted 00:05:17 (3062 turns).

Crownlay the Digger (Gargoyle Earth Elementalist)   Turns: 3062, Time: 00:05:17

Health: -5/28      AC:  6    Str: 12    XL:     5   Next: 12%
Magic:  10/11      EV: 11    Int: 16    God:    Vehumet [......]
Gold:   100        SH:  0    Dex: 10    Spells: 7/12 levels left

rFire   . . .      SeeInvis .   l - +0 hand axe (vamp)
rCold   . . .      Faith    .   (no shield)
rNeg    + . .      Spirit   .   b - +0 robe
rPois   ∞          Reflect  .   (no helmet)
rElec   +          Harm     .   (no cloak)
rCorr   .          Rampage  .   (no gloves)
Will    .....                   (no boots)
Stlth   ++........              (no amulet)
HPRegen 0.09/turn               (no ring)
MPRegen 0.12/turn               (no ring)

@: no status effects
A: sickness immunity, AC +4, negative energy resistance 1, electricity
resistance, torment resistance 1, petrification resistance
a: Renounce Religion


You were on level 4 of the Dungeon.
You worshipped Vehumet.
Vehumet was noncommittal.
You visited 2 branches of the dungeon, and saw 5 of its levels.

You collected 100 gold pieces.

Inventory:

Hand Weapons
 l - a +0 vampiric hand axe (weapon)
Missiles
 m - 2 boomerangs of dispersal
Armour
 b - a +0 robe (worn)
Scrolls
 d - a scroll of immolation {unknown}
 e - a scroll of identify {unknown}
 f - a scroll of amnesia {unknown}
 g - a scroll of vulnerability {unknown}
 i - a scroll of teleportation {unknown}
 n - 2 scrolls of fog
Potions
 a - a potion of berserk rage {unknown}
 c - a potion of heal wounds {unknown}
 h - a potion of mutation {unknown}
 j - 2 potions of curing {unknown}
 k - a potion of flight {unknown}


   Skills:
 - Level 1.5 Dodging
 - Level 2.1 Stealth
 * Level 4.0 Spellcasting
 - Level 0.7 Transmutations
 + Level 0.4 Fire Magic
 + Level 4.8 Earth Magic


You had 7 spell levels left.
You knew the following spells:

 Your Spells              Type           Power      Damage    Failure   Level
a - Sandblast             Erth           36%        2d10      2%          1
b - Animate Skeleton      Necr           6%         N/A       17%         1
c - Stone Arrow           Conj/Erth      22%        3d8       19%         3

Your spell library contained the following spells:

 Spells                   Type           Power      Damage    Failure   Level
 Passwall                 Tmut/Erth      10%        N/A       9%          2
 Pain                     Necr           12%        1d4       17%         1
 Ensorcelled Hibernation  Hex/Ice        6%         N/A       26%         2
 Tukima's Dance           Hex            3%         N/A       45%         3
 Vampiric Draining        Necr           3%         2d6       45%         3
 Petrify                  Tmut/Erth      12%        N/A       47%         4
 Summon Ice Beast         Ice/Summ       3%         N/A       86%         4
 Fireball                 Conj/Fire      1%         3d3       99%         5
 Summon Mana Viper        Hex/Summ       3%         N/A       99%         5
 Starburst                Conj/Fire      1%         6d3       100%        6
 Monstrous Menagerie      Summ           1%         N/A       100%        7
 Ignition                 Fire           2%         3d3       100%        8


Dungeon Overview and Level Annotations

Branches:
Dungeon (4/15)             Temple (1/1) D:4

Altars:
Cheibriados
Elyvilon
Ru
Sif Muna
Vehumet
Wu Jian


Innate Abilities, Weirdness & Mutations

You are immune to sickness and miasma.
Your stone body is resilient. (AC +4)
You are immune to poison.
You resist negative energy. (rN+)
You are resistant to electric shocks. (rElec)
You are resistant to unholy torment.
You are immune to petrification.


Message History

* * * LOW HITPOINT WARNING * * *
Casting: Stone Arrow (quite dangerous; 19% risk of failure)
Confirm with . or Enter, or press ? or * to list all spells.
You don't have any stones to cast with.
Casting: Sandblast (safe; 2% risk of failure)
Confirm with . or Enter, or press ? or * to list all spells.
You miscast Animate Skeleton.
You are very lightly contaminated with residual magic.
Nothing appears to happen.
The kobold shoots a bolt.
The bolt hits you.
* * * LOW HITPOINT WARNING * * *
Casting: Animate Skeleton (safe; 17% risk of failure)
Confirm with . or Enter, or press ? or * to list all spells.
You attempt to give life to the dead...
Before your eyes, flesh is ripped from the corpse!
The dead are walking!
The endoplasm jiggles.
The endoplasm hits you but does no damage.
You hit the endoplasm.
You feel better.
The endoplasm is almost dead.
The endoplasm freezes you.
You are frozen.
* * * LOW HITPOINT WARNING * * *
You hit the endoplasm but do no damage.
The endoplasm is almost dead.
The endoplasm hits you but does no damage.
You swap places.
The endoplasm hits your jackal skeleton.
Your jackal skeleton barely misses the endoplasm.
Welcome back, Crownlay the Gargoyle Earth Elementalist.
Vehumet says: Let it end in hellfire!
Press ? for a list of commands and other information.
Your jackal skeleton bites the endoplasm.
The endoplasm dies!
Vehumet accepts your kill.
The kobold shoots a bolt.
The bolt hits your jackal skeleton.
Your jackal skeleton is destroyed!
Your magical contamination has completely faded away.
The kobold shoots a bolt.
The bolt hits you but does no damage.
The kobold shoots a bolt.
The bolt hits you!
You die...

.....>...# #.......#
....P.P..# #.......#
...).....# #.......#
.........# ####.......#
........##............# ..
....>......# #.......#
#..# .........###
######.###...# ........##
#########.....#
......######....@.....####
......##.....########K#
....<<#..#####......#)#
........## ##........K#
....##### #..........#
.... .. #..........# ....
...###..........#.. ....
.................# ....
...##.......?....##


You could see a kobold.

Vanquished Creatures
  An orc priest (D:2)
  3 adders (D:3)
  3 worms
  2 dart slugs (D:1)
  3 orcs (D:2)
  An endoplasm (D:3)
  2 giant cockroaches
  5 hobgoblins
  2 jackals (D:4)
  6 kobolds
  5 quokkas
  5 ball pythons
  3 bats
  6 frilled lizards
  5 goblins
  2 rats
54 creatures vanquished.

Vanquished Creatures (collateral kills)
  An endoplasm (D:4)
1 creature vanquished.

Grand Total: 55 creatures vanquished

Notes
Turn   | Place    | Note
-------+----------+-------------------------------------------
     0 | D:1      | Crownlay the Gargoyle Earth Elementalist began the quest
                  | for the Orb.
     0 | D:1      | Reached XP level 1. HP: 10/10 MP: 3/3
   585 | D:1      | Reached XP level 2. HP: 15/15 MP: 1/5
  1144 | D:1      | Reached XP level 3. HP: 16/19 MP: 4/7
  1146 | D:1      | Learned a level 1 spell: Animate Skeleton
  1438 | D:2      | Found a faded altar of an unknown god.
  1672 | D:2      | Reached XP level 4. HP: 13/24 MP: 5/9
  2594 | D:3      | Found a sacrificial altar of Ru.
  2596 | D:3      | Found a snail-covered altar of Cheibriados.
  2637 | D:3      | Reached XP level 5. HP: 28/28 MP: 10/10
  2870 | D:4      | Found a staircase to the Ecumenical Temple.
  2884 | D:4      | Learned a level 3 spell: Stone Arrow
  2892 | Temple   | Entered the Ecumenical Temple
  2946 | Temple   | Became a worshipper of Vehumet
  3055 | D:4      | HP: 1/28 [frozen (4)]
  3062 | D:4      | Shot with a bolt by a kobold

Illustrated notes

Levels and vault maps discovered:
D:1:      enne_arrival_octagon_isle, layout_basic,
          amcnicky_mini_corridor_feature, glass_columns_a, minmay_tromino_v2
D:2:      layout_basic, shapermc_ecumenical_altar_totnotflames
D:3:      layout_basic, mainiacjoe_overflow_catwalk_spiral
D:4:      layout_rooms, minmay_temple_entry_trees
Temple:   mainiacjoe_temple_cubbyholes

Skill      XL: |  1  2  3  4  5 |
---------------+----------------+-----
Earth Magic    | 4 |  4.8
Spellcasting   | 3 4 |  4.0
Dodging        | |  1.5
Stealth        | |  2.1
Transmutations | |  0.7
Fire Magic     | |  0.4

Action                   |  1- 3 |  4- 6 || total
-------------------------+-------+-------++-------
Melee: Club              |    33 |       ||    33
       Hand axe          |       |    51 ||    51
 Cast: Sandblast         |    29 |    24 ||    53
       Animate Skeleton  |       |     2 ||     2
  Use: Scroll            |       |     1 ||     1
Armor: Robe              |    29 |    32 ||    61
Dodge: Dodged            |    39 |    48 ||    87

Table legend: (Time is in decaauts)
 A = Elapsed time spent in this place.
 B = Non-inter-level travel time spent in this place.
 C = Inter-level travel time spent in this place.
 D = Time resting spent in this place.
 E = Time spent auto-exploring this place.
 F = Levels seen in this place.
 G = Mean time per level.
                   A        B        C        D        E       F      G
               +--------+--------+--------+--------+--------+-----+--------+
         Total |   3085 |   2922 |    163 |      0 |   2521 |   5 |  617.0 |
       Dungeon |   3007 |   2865 |    142 |      0 |   2474 |   4 |  751.8 |
        Temple |     78 |     57 |     21 |      0 |     47 |   1 |   78.0 |
               +--------+--------+--------+--------+--------+-----+--------+

Top non-repeatable levels by time:
     D:1: 1339 daAuts
     D:2: 988 daAuts
     D:3: 555 daAuts
     D:4: 124 daAuts
  Temple: 78 daAuts
